Map: Mech Depot LE

Players

Winthrowe - Winner!

  • Race: Terran Terran
  • League: Silver
  • Spawn Location: 7:00

McBane

  • Race: Zerg Zerg
  • League: Silver
  • Spawn Location: 1:00

VOD

Have the link to the VOD?

Description

Time

  • Played on: Aug. 19, 2017, 8:05 p.m.
  • Length: 13:14
Show
View Real Time Build Order
Export as new Build Order

Winthrowe Terran - Winner!

Build Orders: MMM Bio 

Get SALT Encoding   

  12  0:01  SCV  
  13  0:13  SCV  
  14  0:22  Supply Depot  
  14  0:25  SCV  
  15  0:44  SCV  
  15  0:46  Barracks  
  16  0:56  SCV  
  17  1:08  SCV  
  18  1:22  Command Center  
  18  1:23  SCV  
  19  1:42  Supply Depot  
  19  1:43  SCV, Barracks  
  20  1:49  Refinery  
  20  1:56  Marine  
  20  1:57  SCV  
  22  2:09  SCV  
  22  2:13  Marine  
  24  2:22  SCV  
  25  2:34  SCV  
  26  2:42  Engineering Bay  
  26  2:46  SCV  
  27  2:55  Refinery  
  27  3:08  SCV  
  27  3:09  SCV  
  29  3:20  Barracks Reactor  
  29  3:21  Barracks Tech Lab  
  29  3:24  SCV x2  
  31  3:36  SCV  
  32  3:42  Factory  
  32  3:47  Engineering Bay  
  32  3:48  SCV  
  33  3:54  Orbital Command  
  33  4:00  Planetary Fortress  
  33  4:03  Marine x2, Marauder  
  33  4:09  Concussive Shells  
  37  4:21  Marine x2  
  39  4:25  Marauder  
  39  4:27  Supply Depot  
  39  4:29  Refinery  
  41  4:34  Factory Tech Lab  
  41  4:38  Starport  
  41  4:39  Marine x2  
  43  4:46  Marauder  
  43  4:50  Supply Depot  
  45  5:02  Marine x2  
  47  5:07  Marauder  
  47  5:09  SCV  
  47  5:10  SCV  
  47  5:13  Supply Depot  
  51  5:16  Armory  
  51  5:20  Marine x2  
  53  5:21  Refinery  
  53  5:22  SCV x2  
  55  5:34  SCV x2  
  57  5:37  Supply Depot  
  57  5:38  Terran Infantry Weapons Level 1  
  57  5:39  Terran Infantry Armor Level 1  
  57  5:45  Medivac  
  57  5:46  SCV x2  
  61  5:53  Marauder  
  61  5:55  Marine x2  
  65  5:58  SCV x2  
  67  6:10  SCV x2  
  69  6:13  Cyclone  
  69  6:14  Marauder  
  69  6:15  Medivac  
  69  6:17  Marine x2  
  78  6:26  Stimpack  
  78  6:44  Command Center  
  78  6:47  Supply Depot  
  78  6:48  Supply Depot  
  78  6:51  Supply Depot  
  78  7:09  Marine x2, Cyclone, Marauder  
  85  7:27  Marine x2  
  87  7:31  Marauder  
  58  7:44  Marine x2  
  58  7:46  Hellion  
  62  7:52  Marauder  
  66  8:00  Starport Reactor  
  66  8:02  Marine x2  
  66  8:03  Infernal Pre-Igniter  
  66  8:08  Terran Infantry Weapons Level 2, Hellion  
  66  8:11  Terran Infantry Armor Level 2  
  68  8:14  Marauder  
  68  8:17  SCV  
  71  8:20  Marine x2  
  71  8:27  Combat Shields  
  73  8:29  Hellion  
  75  8:34  Marine  
  75  8:38  Marine x2  
  78  8:51  Hellion  
  78  8:53  Marauder  
  82  8:56  Marine  
  82  9:00  Marine  
  84  9:11  Supply Depot  
  84  9:13  Marine  
  84  9:14  Marauder  
  89  9:18  Marine  
  88  9:31  Marine  
  88  9:34  Supply Depot  
  88  9:36  Marine, Marauder  
  88  9:38  High Capacity Fuel Tanks  
  92  9:49  Marine  
  92  9:51  Fusion Core  
  93  9:54  Marine  
  93  9:55  Hellion  
  93  9:56  Supply Depot, Hellion  
  93  9:57  Marauder  
  77  10:07  Marine  
  77  10:12  Marine  
  58  10:17  Hellion x2  
  58  10:18  Marauder  
  58  10:19  Supply Depot  
  63  10:25  Marine  
  64  10:29  Marine  
  64  10:35  Cloaking Field  
  63  10:38  Hellion  
  63  10:39  Hellion  
  63  10:40  Marauder  
  65  10:43  Marine  
  65  10:46  Battlecruiser  
  65  10:47  Marine  
  73  10:59  Hellion  
  73  11:00  Marine, Hellion  
  73  11:01  Marauder  
  80  11:05  Marine  
  81  11:18  Marine  
  81  11:22  Marauder  
  81  11:23  Marine  
  85  11:36  Marine  
  85  11:37  Planetary Fortress  
  85  11:41  Marine  
  85  11:44  Marauder  
  77  11:50  Battlecruiser, Hellion  
  77  11:51  Hellion  
  77  11:54  Marine  
  86  11:59  Marine  
  88  12:05  Marauder  
  90  12:12  Marine, Hellion x2  
  95  12:16  Marine  
  96  12:27  Marauder  
  96  12:29  Marine  
  98  12:33  Hellion  
  98  12:34  Marine, Hellion  
  104  12:47  Marine  
  104  12:48  Marauder  
  107  12:52  Marine  
Show
View Real Time Build Order
Export as new Build Order

McBane Zerg 

Build Orders: Pool First, Muta Ling Bane, Zergling Baneling 

Get SALT Encoding   

  12  0:21  Spawning Pool  
  12  0:28  Drone x2  
  13  0:36  Overlord  
  13  0:43  Drone  
  14  0:59  Drone  
  14  1:02  Overlord  
  15  1:08  Extractor  
  15  1:09  Queen  
  16  1:36  Hatchery  
  15  1:41  Drone x2  
  17  1:55  Drone  
  17  1:56  Drone  
  19  2:05  Queen  
  21  2:09  Drone  
  21  2:14  Extractor  
  21  2:17  Zergling x2  
  22  2:25  Drone  
  22  2:26  Drone  
  24  2:41  Zergling x4  
  26  2:50  Drone x2  
  26  2:51  Drone x2  
  30  2:54  Zergling x2  
  31  2:59  Zergling x2  
  31  3:02  Drone  
  33  3:14  Lair  
  33  3:20  Zergling x4  
  35  3:31  Baneling Nest  
  34  3:35  Zergling x2  
  34  3:36  Zergling x2  
  34  3:38  Overlord  
  36  3:57  Zergling x6  
  36  3:58  Zergling x6  
  42  4:04  Drone  
  42  4:05  Drone  
  42  4:09  Overlord  
  44  4:17  Baneling  
  44  4:18  Baneling x5  
  44  4:24  Overlord  
  44  4:32  Baneling  
  44  4:33  Baneling x5  
  44  4:39  Metabolic Boost  
  44  4:48  Drone  
  44  4:49  Drone x3  
  44  4:51  Drone  
  49  4:57  Drone x2  
  51  5:06  Zergling x4  
  51  5:07  Zergling x2  
  54  5:08  Zergling x2  
  55  5:14  Overseer  
  55  5:16  Overlord  
  55  5:18  Drone  
  55  5:20  Drone  
  57  5:27  Centrifical Hooks  
  57  5:36  Zergling x10  
  57  5:41  Baneling x2  
  57  5:42  Baneling x3  
  62  5:50  Queen  
  62  5:52  Zergling x4  
  62  5:54  Drone  
  62  5:55  Drone  
  68  5:58  Extractor  
  67  6:08  Zergling x2  
  67  6:10  Overlord  
  67  6:11  Overlord x2  
  68  6:38  Zergling x2  
  68  6:39  Zergling x10  
  74  7:05  Overlord x2  
  74  7:11  Spire  
  41  7:48  Zergling x24  
  53  7:56  Extractor  
  52  8:05  Zergling x4  
  53  8:06  Zergling x2  
  55  8:13  Hatchery  
  55  8:17  Extractor  
  55  8:19  Drone x2  
  55  8:31  Hydralisk Den  
  54  8:34  Baneling  
  54  8:35  Baneling x22  
  54  8:36  Baneling x6, Zergling x2  
  54  8:37  Zergling x6  
  58  8:51  Zergling x8  
  58  8:52  Zergling x2  
  63  8:55  Mutalisk  
  63  8:56  Mutalisk x2  
  69  9:05  Hydralisk x2  
  73  9:13  Hydralisk x2  
  73  9:14  Hydralisk  
  73  9:16  Mutalisk  
  81  9:31  Zergling x2  
  81  9:32  Zergling x8  
  86  9:41  Hatchery  
  86  9:45  Drone x2  
  87  9:46  Drone  
  59  10:24  Hydralisk x2  
  59  10:25  Hydralisk x4  
  59  10:26  Hydralisk  
  62  10:39  Zergling x2  
  62  10:40  Zergling x6  
  58  10:52  Queen  
  58  10:56  Zergling x2  
  61  11:03  Mutalisk  
  59  11:30  Drone x4  
  52  11:49  Mutalisk x2  
  52  11:50  Mutalisk x4  
  60  12:14  Queen  
  62  12:17  Mutalisk x4  
  62  12:22  Drone x2  
  72  12:32  Drone x2  
  72  12:33  Drone x2  
  72  12:43  Zergling x2  
  72  12:44  Zergling x8  
Tags
 
Add a new tag
Caveats
  • Supply blocks, unpowered buildings, or Contaminate may cause inaccurate times.
  • Supply counts are checked every 10 seconds.